 Dungeon Crawl Stone Soup version 0.18.1-5-g4a78601 (webtiles) character file.

187 oplop the Insei (level 5, -4/35 HPs)
             Began as an Octopode Transmuter on May 9, 2016.
             Slain by an ogre
             ... wielding a +0 giant club
              (28 damage)
             ... on level 3 of the Dungeon.
             The game lasted 00:03:30 (2622 turns).

oplop the Insei (Octopode Transmuter)               Turns: 2622, Time: 00:03:31

Health: -4/35      AC:  2    Str:  9    XL:     5   Next: 66%
Magic:  2/8        EV: 21    Int: 16    God:
Gold:   131        SH:  0    Dex: 18    Spells: 3 memorised, 3 levels left

rFire  . . .     SeeInvis .       - Unarmed
rCold  . . .     Gourm    .     (shield currently unavailable)
rNeg   . . .     Faith    .     (helmet currently unavailable)
rPois  x         Spirit   .     (no amulet)
rElec  .         Dismiss  .     o - ring of protection from magic
rCorr  .         Reflect  .     (no ring)
SustAt .         Harm     .     (no ring)
MR     +....                    (no ring)
Stlth  ++........               (no ring)
                                (no ring)
                                (no ring)
                                (no ring)

@: spider-form (expiring), somewhat resistant to hostile enchantments,
unstealthy
A: almost no armour, (amphibious), 8 rings, (constrict 8), (camouflage 0),
(gelatinous body 0)
a: End Transformation


You were on level 3 of the Dungeon.
You were hungry.
You were a venomous arachnid creature.
You visited 1 branch of the dungeon, and saw 3 of its levels.

You collected 131 gold pieces.

Inventory:

Hand Weapons
 e - a +2 dagger of venom (melded)
Missiles
 a - 62 arrows
Jewellery
 n - an uncursed ring of fire
 o - a ring of protection from magic (left front leg)
Scrolls
 h - 2 scrolls of remove curse {unknown}
 i - 3 scrolls of identify {unknown}
 j - 2 scrolls of random uselessness {unknown}
 k - 3 scrolls of immolation {unknown}
 l - 2 scrolls of enchant weapon {unknown}
 m - 2 scrolls of teleportation {unknown}
 q - a scroll of blinking {unknown}
 r - a scroll of noise {unknown}
 v - a scroll of recharging {unknown}
 w - a scroll of enchant armour {unknown}
 y - a scroll of fear {unknown}
Potions
 d - 2 potions of haste {unknown}
 f - 2 potions of curing {unknown}
 g - a potion of cancellation {unknown}
 p - 2 potions of flight {unknown}
 s - a potion of resistance {unknown}
 t - a potion of cure mutation {unknown}
 u - 2 potions of invisibility {unknown}
Books
 b - a book of Changes

   Spells                             Type                      Level
   a - Beastly Appendage              Transmutation                1
   b - Sticks to Snakes               Transmutation                2
   c - Spider Form                    Transmutation/Poison         3
   d - Ice Form                       Ice/Transmutation            4
   e - Blade Hands                    Transmutation                5
Comestibles
 c - a bread ration
 z - a chunk of flesh


   Skills:
 + Level 2.6 Fighting
 + Level 3.1 Dodging
 + Level 3.6 Unarmed Combat
 + Level 2.5 Spellcasting
 * Level 3.4 Transmutations


You had 3 spell levels left.
You knew the following spells:

 Your Spells              Type           Power        Failure   Level  Hunger
a - Beastly Appendage     Trmt           ##....       17%         1    #......
b - Sticks to Snakes      Trmt           ##......     24%         2    ##.....
c - Spider Form           Trmt/Pois      #.........   56%         3    ###....


Dungeon Overview and Level Annotations

Branches:
Dungeon (3/15)

Altars:


Innate Abilities, Weirdness & Mutations

You cannot wear most types of armour.
((You are amphibious.))
You can wear up to eight rings at the same time.
((You can use your tentacles to constrict eight enemies at once.))
((Your skin changes colour to match your surroundings (Stealth).))
((Your rubbery body absorbs attacks (AC +1).))


Message History

The kobold dies!
Your ball python bites the ogre.
The ogre hits your ball python with a giant club!!
Your ball python dies!
You see here a wand of random effects.
The ogre shouts!
There is a stone staircase leading down here.
Your magical contamination has completely faded away.
Casting: Sticks to Snakes
Confirm with . or Enter, or press ? or * to list all spells.
You turn into a venomous arachnid creature.
Your +2 dagger of venom melds into your body.
Your +2 dagger of venom stops dripping with poison.
You are feeling hungry.
You hit the ogre.
The ogre is poisoned.
The ogre is lightly wounded.
Your transformation is almost over.
The ogre hits you with a giant club!!
Ouch! That really hurt!
You die...

### #.....## ###.##
## #.....# #.# .#
#.....# #.# O#
######### #.# .#
#......########.# .#
#......#........#
.###.###..#.#####..#
....>..........##..#
####.###..#.##.Os..#
#......#.#####.##
#......#.# #.#
########.. ..# ###
###


You could see an ogre.

Vanquished Creatures
  Natasha (thrice) (D:2 D:3)
  A worker ant (D:3)
  2 adders (D:2)
  2 oozes
  3 worms
  3 dart slugs
  A giant gecko (D:1)
  10 bats
  2 giant cockroaches
  8 goblins
  5 hobgoblins
  A kobold (D:1)
  A ball python (D:1)
  A giant newt (D:1)
  8 rats
51 creatures vanquished.

Vanquished Creatures (collateral kills)
  A kobold (D:3)
1 creature vanquished.

Grand Total: 52 creatures vanquished

Notes
Turn   | Place    | Note
--------------------------------------------------------------
     0 | D:1      | oplop the Octopode Transmuter began the quest for the Orb.
     0 | D:1      | Reached XP level 1. HP: 13/13 MP: 3/3
    78 | D:1      | Reached XP level 2. HP: 7/18 MP: 3/5
   625 | D:1      | Reached XP level 3. HP: 15/23 MP: 4/6
  1469 | D:2      | Noticed Natasha
  1475 | D:2      | Learned a level 2 spell: Sticks to Snakes
  1479 | D:2      | Learned a level 3 spell: Spider Form
  1489 | D:2      | Killed Natasha
  1489 | D:2      | Reached XP level 4. HP: 19/29 MP: 3/7
  1538 | D:2      | Noticed Natasha
  1544 | D:2      | Killed Natasha
  1907 | D:2      | Reached XP level 5. HP: 34/35 MP: 6/8
  2504 | D:3      | Found a faded altar to an unknown god.
  2514 | D:3      | Noticed Natasha
  2522 | D:3      | Killed Natasha
  2573 | D:3      | Noticed an ogre
  2622 | D:3      | Slain by an ogre

Skill      XL: |  1  2  3  4  5 |
---------------+----------------+-----
Fighting       | 2 |  2.6
Transmutations | 3 |  3.4
Dodging        | 3 |  3.1
Unarmed Combat | |  3.6
Spellcasting   | |  2.5

Action                   |  1- 3 |  4- 6 || total
-------------------------+-------+-------++-------
Melee: Unarmed           |    15 |    13 ||    28
       Constrict         |    12 |    11 ||    23
       Dagger            |    43 |    32 ||    75
       Kick              |     9 |     4 ||    13
       Tentacles         |     7 |    12 ||    19
       Punch             |     1 |       ||     1
 Cast: Beastly Appendage |    15 |    12 ||    27
       Spider Form       |     1 |     4 ||     5
       Sticks to Snakes  |       |     1 ||     1
 Stab: Sleeping          |     7 |     5 ||    12
  Eat: Chunk             |     1 |     5 ||     6
Armor: Skin              |     6 |     4 ||    10
Dodge: Dodged            |    22 |    27 ||    49
